[Event "Titled Tuesday Blitz August 15 Late 2023"]
[White "Nathan, Nitish"]
[Black "Mekhitarian, Krikor Sevag"]
[WhiteFideId "30927870"]
[BlackFideId "2107660"]
[WhiteElo "2468"]
[BlackElo "2812"]
[Result "0-1"]
[Round "3"]
[TimeControl "180+1"]
[Date "2023.08.15"]
[WhiteClock "0:00:29"]
[BlackClock "0:00:20"]
[Board "34"]

1. d4 Nf6 2. Bf4 c5 3. d5 d6 4. Nc3 e5 5. Bg5 h6 6. Bxf6 Qxf6 7. e4 a6 8. a4 b6 9. h3 g6 10. Nf3 h5 11. Nd2 Nd7 12. Nc4 Rb8 13. Ne3 Bh6 14. Qd3 O-O 15. Be2 Qd8 16. O-O Nf6 17. Rfe1 Kg7 18. Bf1 h4 19. Qd1 Bg5 20. Bd3 Qc7 21. Qe2 Ra8 22. Qf1 Nh5 23. Bc4 Nf4 24. Kh2 Qb7 25. Red1 Bd7 26. Re1 Rfb8 27. b3 Rf8 28. Rad1 f5 29. exf5 gxf5 30. Kh1 Ng6 31. Bd3 e4 32. Be2 Bf6 33. Nb1 b5 34. axb5 axb5 35. f3 Bd4 36. Qf2 f4 37. Rxd4 fxe3 38. Qxe3 cxd4 39. Qxd4+ Kh7 40. Qxe4 Bf5 41. Qd4 Qa7 42. Qd2 Qf2 43. Rf1 Qg3 44. Bxb5 Nf4 45. Bc6 Ra7 46. Nc3 Rg7 47. Rg1 Nxh3 48. Rf1 Nf4 49. Rg1 h3 50. Qe1 hxg2+ 51. Rxg2 Qxg2# 0-1


[Site "https://www.chess.com"]

[Event "Titled Tuesday Blitz August 15 Late 2023"]
[White "Delorme, Laurie"]
[Black "Yanchenko, Roman"]
[WhiteFideId "630829"]
[BlackFideId "4137329"]
[WhiteElo "2068"]
[BlackElo "2796"]
[Result "1-0"]
[Round "3"]
[TimeControl "180+1"]
[Date "2023.08.15"]
[WhiteClock "0:00:03"]
[BlackClock "0:00:00"]
[Board "35"]

1. e4 e6 2. d4 d5 3. Nc3 Bb4 4. e5 Ne7 5. Qg4 O-O 6. Bd3 Nf5 7. Nf3 Kh8 8. h4 b6 9. a3 Bxc3+ 10. bxc3 Qd7 11. h5 h6 12. Qf4 Ba6 13. g4 Bxd3 14. cxd3 Ne7 15. Qg3 c5 16. Qh4 Nbc6 17. Bxh6 gxh6 18. Qf6+ Kh7 19. g5 Nf5 20. Nh4 Qe7 21. g6+ fxg6 22. Qxg6+ Kh8 23. Nxf5 Rxf5 24. Qxh6+ Qh7 25. Qxe6 Ne7 26. O-O-O cxd4 27. c4 dxc4 28. Rhg1 cxd3 29. h6 1-0


[Site "https://www.chess.com"]

[Event "Titled Tuesday Blitz August 15 Late 2023"]
[White "Nakamura, Hikaru"]
[Black "Papayan, Oleg"]
[WhiteFideId "2016192"]
[BlackFideId "4193911"]
[WhiteElo "3223"]
[BlackElo "2628"]
[Result "1-0"]
[Round "3"]
[TimeControl "180+1"]
[Date "2023.08.15"]
[WhiteClock "0:01:56"]
[BlackClock "0:00:02"]
[Board "36"]

1. b3 e5 2. Bb2 Nc6 3. e3 Nf6 4. Bb5 e4 5. f4 a6 6. Bxc6 dxc6 7. h3 h5 8. Qe2 h4 9. Qf2 Bf5 10. Ne2 Qd7 11. Nbc3 O-O-O 12. O-O-O c5 13. Kb1 Kb8 14. Nc1 b5 15. d3 exd3 16. Nxd3 Qe8 17. Qf3 Ne4 18. Ne5 Nxc3+ 19. Bxc3 Rxd1+ 20. Rxd1 Bd6 21. Nc6+ Kc8 22. Be5 f6 23. Bxd6 cxd6 24. Ne7+ Qxe7 25. Qa8+ Kc7 26. Qxh8 Qxe3 27. Qxg7+ Kc6 28. Qxf6 Bxc2+ 29. Kxc2 Qe2+ 30. Rd2 Qe4+ 31. Kb2 c4 32. Qxd6+ Kb7 33. Qd5+ Qxd5 34. Rxd5 1-0


[Site "https://www.chess.com"]

[Event "Titled Tuesday Blitz August 15 Late 2023"]
[White "Di Nicolantonio, Lucas"]
[Black "Naroditsky, Daniel"]
[WhiteFideId "680460"]
[BlackFideId "2026961"]
[WhiteElo "2632"]
[BlackElo "3160"]
[Result "0-1"]
[Round "3"]
[TimeControl "180+1"]
[Date "2023.08.15"]
[WhiteClock "0:00:02"]
[BlackClock "0:01:25"]
[Board "37"]

1. Nf3 Nf6 2. c4 g6 3. Nc3 Bg7 4. g3 d6 5. Bg2 O-O 6. O-O e5 7. d3 Re8 8. b4 c6 9. Rb1 d5 10. cxd5 cxd5 11. Bg5 Be6 12. Nd2 h6 13. Bxf6 Bxf6 14. Nb3 e4 15. Nb5 exd3 16. exd3 Nc6 17. Nc5 Bc8 18. Qd2 b6 19. Nb3 Bg7 20. Rbc1 Bb7 21. Qf4 Ne5 22. Rc7 Re7 23. Rxe7 Qxe7 24. d4 Nc4 25. Qc7 Qxc7 26. Nxc7 Rd8 27. Re1 Bf8 28. b5 Rd7 29. Ne8 Be7 30. Bh3 f5 31. Bf1 Kf7 0-1


[Site "https://www.chess.com"]

[Event "Titled Tuesday Blitz August 15 Late 2023"]
[White "Indjic, Aleksandar"]
[Black "Vlassov, Nikolai"]
[WhiteFideId "911925"]
[BlackFideId "4103360"]
[WhiteElo "2995"]
[BlackElo "2603"]
[Result "1-0"]
[Round "3"]
[TimeControl "180+1"]
[Date "2023.08.15"]
[WhiteClock "0:01:06"]
[BlackClock "0:00:08"]
[Board "38"]

1. d4 Nf6 2. c4 Nc6 3. a3 e5 4. d5 Ne7 5. Nc3 Ng6 6. e4 Bc5 7. h3 a5 8. g3 d6 9. Nf3 O-O 10. Qe2 c6 11. Be3 Bxe3 12. Qxe3 cxd5 13. cxd5 Nd7 14. Nd2 Nc5 15. Bg2 f5 16. exf5 Bxf5 17. Nce4 Nxe4 18. Bxe4 Qd7 19. Bxf5 Qxf5 20. Ne4 Rad8 21. O-O-O h6 22. Kb1 Ne7 23. Ka1 Qf7 24. Qd2 b6 25. g4 Qf3 26. Qd3 Ng6 27. Qxf3 Rxf3 28. Rc1 Rd3 29. Rhd1 Rxd1 30. Rxd1 Nf4 31. h4 Kf7 32. Ka2 Ke7 33. Kb3 Rc8 34. Nc3 Rc5 35. a4 Kd7 36. f3 g6 37. h5 gxh5 38. gxh5 Nxh5 39. Ne4 Rc8 40. Rh1 Nf4 41. Rxh6 Ke7 42. Rh7+ Kd8 43. Nxd6 Rc5 44. Nb7+ 1-0


[Site "https://www.chess.com"]

[Event "Titled Tuesday Blitz August 15 Late 2023"]
[White "Kazakouski, Valery"]
[Black "Sargsyan, Anna M."]
[WhiteFideId "13507443"]
[BlackFideId "13308130"]
[WhiteElo "2918"]
[BlackElo "2577"]
[Result "1-0"]
[Round "3"]
[TimeControl "180+1"]
[Date "2023.08.15"]
[WhiteClock "0:00:06"]
[BlackClock "0:00:00"]
[Board "39"]

1. Nf3 d5 2. c4 c6 3. g3 Nf6 4. Bg2 g6 5. b3 Bg7 6. Bb2 O-O 7. O-O Re8 8. d4 Ne4 9. Nbd2 Nxd2 10. Nxd2 Bf5 11. e3 Be6 12. Qc2 Nd7 13. h3 Nf6 14. g4 Qd7 15. Rae1 h5 16. f3 Rad8 17. Ba3 b5 18. cxb5 cxb5 19. Rc1 Rc8 20. Qd3 Qb7 21. Bb4 a6 22. Bc5 hxg4 23. hxg4 Nd7 24. b4 Nb6 25. Bxb6 Qxb6 26. a3 Rxc1 27. Rxc1 Rc8 28. Rc3 Qb7 29. Nb3 Rc4 30. Na5 Rxc3 31. Qxc3 Qc8 32. Nc6 Kf8 33. Qc5 Bf6 34. f4 Bxg4 35. Bxd5 Qf5 36. Ne5 Qb1+ 37. Kg2 Qd1 38. Nxg4 Qxg4+ 39. Kf1 Bh4 40. Qc2 Qh3+ 41. Ke2 Qh2+ 42. Kd3 Qg1 43. Bf3 Qf1+ 44. Be2 Qa1 45. Qb3 Be1 46. Ke4 Qc1 47. Kf3 Bc3 48. Qd5 1-0


[Site "https://www.chess.com"]

[Event "Titled Tuesday Blitz August 15 Late 2023"]
[White "Moskalenko, Alexander"]
[Black "Khater, Sherif"]
[WhiteFideId "4155351"]
[BlackFideId "2034280"]
[WhiteElo "2887"]
[BlackElo "2563"]
[Result "1-0"]
[Round "3"]
[TimeControl "180+1"]
[Date "2023.08.15"]
[WhiteClock "0:00:51"]
[BlackClock "0:00:05"]
[Board "40"]

1. c4 a6 2. e3 c5 3. Nf3 d6 4. d4 cxd4 5. exd4 Nf6 6. Nc3 g6 7. Be2 Bg7 8. O-O O-O 9. Be3 Nbd7 10. h3 b6 11. d5 Bb7 12. Qd2 Rc8 13. Bh6 Qc7 14. Bxg7 Kxg7 15. Rfe1 Rfe8 16. Rac1 Kg8 17. Nd4 Ne5 18. b3 Qb8 19. f4 Ned7 20. Bf3 Nf8 21. Nc6 Bxc6 22. dxc6 Ne6 23. b4 d5 24. Nxd5 Nxd5 25. cxd5 Qxf4 26. Qxf4 Nxf4 27. Rc4 Nd3 28. Re3 b5 29. Rd4 Nb2 30. Be2 Kf8 31. Kf2 Red8 32. Rd2 Na4 33. Bf3 Rd6 34. Rc2 Nb6 35. Rc5 Rc7 36. Ra3 Na4 37. Rxa4 bxa4 38. Ra5 e6 39. Rxa6 exd5 40. b5 Kg7 41. Rxa4 Re7 42. Rb4 Ra7 43. a4 Ra8 44. Ke3 Kf6 45. Kd4 Ke6 46. Kc5 d4 47. c7 Rc8 48. b6 d3 49. Bb7 Rh8 50. c8=Q+ Rxc8+ 51. Bxc8+ Ke7 52. Re4+ Kd8 53. Kxd6 d2 54. Rd4 d1=Q 55. Rxd1 Kxc8 56. Kc6 1-0


[Site "https://www.chess.com"]

[Event "Titled Tuesday Blitz August 15 Late 2023"]
[White "Hajiyev, Kanan"]
[Black "Kravtsiv, Martyn"]
[WhiteFideId "13404148"]
[BlackFideId "14113147"]
[WhiteElo "2557"]
[BlackElo "2827"]
[Result "0-1"]
[Round "3"]
[TimeControl "180+1"]
[Date "2023.08.15"]
[WhiteClock "0:00:09"]
[BlackClock "0:01:37"]
[Board "41"]

1. d4 d5 2. c4 e6 3. cxd5 exd5 4. Nc3 Nf6 5. Qc2 c6 6. Bg5 h6 7. Bxf6 Qxf6 8. Nxd5 Qxd4 9. Nc3 Bb4 10. Nf3 Bxc3+ 11. bxc3 Qf6 12. e4 O-O 13. Bd3 Bg4 14. Nd4 c5 15. Nb5 Nc6 16. O-O Qe7 17. a4 Rfd8 18. Bc4 Ne5 19. Bd5 Nf3+ 20. gxf3 Bxf3 21. Rfc1 Qg5+ 22. Kf1 Rxd5 23. exd5 Qg2+ 24. Ke1 Re8+ 25. Kd2 Qxf2+ 26. Kd3 Be2+ 27. Kd2 Bc4+ 0-1


[Site "https://www.chess.com"]

[Event "Titled Tuesday Blitz August 15 Late 2023"]
[White "Klukin, Kirill"]
[Black "Grossboss19"]
[WhiteFideId "24199273"]
[WhiteElo "2826"]
[BlackElo "2548"]
[Result "1/2-1/2"]
[Round "3"]
[TimeControl "180+1"]
[Date "2023.08.15"]
[WhiteClock "0:00:07"]
[BlackClock "0:00:21"]
[Board "42"]

1. d4 Nf6 2. c4 e6 3. Nc3 Bb4 4. e3 O-O 5. Bd2 c5 6. Nf3 cxd4 7. Nxd4 Nc6 8. Nc2 Be7 9. Be2 d5 10. O-O dxc4 11. Bxc4 b6 12. Qe2 Bb7 13. Rfd1 a6 14. a3 Qc7 15. Rac1 b5 16. Ba2 Rac8 17. Be1 Rfd8 18. f3 Rxd1 19. Rxd1 Rd8 20. Bg3 Qb6 21. Bf2 Rxd1+ 22. Qxd1 Qd8 23. Qe2 Nd7 24. Bb1 g6 25. Ne4 Nc5 26. Nd4 Nxe4 27. Bxe4 Nxd4 28. exd4 Bd5 29. Qc2 Bf6 30. h3 Bxe4 31. Qxe4 Qd5 32. Qe3 Qa2 33. Qd2 h5 34. g4 hxg4 35. hxg4 Qd5 36. Qe3 Qc4 37. Qd2 Qd5 38. Qe3 a5 39. Kg2 a4 40. Qe4 Kf8 41. Qf4 Kg7 42. Qe3 Qb3 43. Qd2 Be7 44. Bg3 Bf6 45. Be5 Bxe5 46. dxe5 Qc4 47. Kg3 Qc5 48. Qf4 Qg1+ 49. Kh3 Qh1+ 50. Kg3 Qg1+ 51. Kh3 Qh1+ 52. Kg3 Qg1+ 1/2-1/2


[Site "https://www.chess.com"]

[Event "Titled Tuesday Blitz August 15 Late 2023"]
[White "Haydon, David L"]
[Black "D`Arruda, Ricardo D."]
[WhiteFideId "415405"]
[BlackFideId "100692"]
[WhiteElo "2753"]
[BlackElo "2536"]
[Result "1-0"]
[Round "3"]
[TimeControl "180+1"]
[Date "2023.08.15"]
[WhiteClock "0:02:21"]
[BlackClock "0:01:33"]
[Board "43"]

1. d4 Nf6 2. Nc3 d5 3. Bf4 c6 4. e3 g6 5. Nf3 Bg7 6. h3 O-O 7. Bd3 Bf5 8. Bxf5 gxf5 9. g4 fxg4 10. hxg4 Nbd7 11. g5 Ne4 12. Nxe4 dxe4 13. Nd2 Re8 14. Nxe4 e5 15. Qh5 exf4 16. Nd6 Qa5+ 17. c3 Qd5 18. Qxh7+ Kf8 19. Nf5 Qxh1+ 20. Qxh1 fxe3 21. Qh7 1-0


[Site "https://www.chess.com"]

[Event "Titled Tuesday Blitz August 15 Late 2023"]
[White "ArtemDyachuk"]
[Black "Kushko, Dmitriy"]
[BlackFideId "14162261"]
[WhiteElo "2535"]
[BlackElo "2752"]
[Result "1-0"]
[Round "3"]
[TimeControl "180+1"]
[Date "2023.08.15"]
[WhiteClock "0:00:43"]
[BlackClock "0:01:23"]
[Board "44"]

1. e4 g6 2. d4 Bg7 3. Nc3 d6 4. Be3 a6 5. Qd2 b5 6. a4 b4 7. Nd1 Bb7 8. f3 a5 9. c3 bxc3 10. Nxc3 Nd7 11. Bc4 e6 12. Nge2 Ne7 13. Bh6 O-O 14. h4 d5 15. Bd3 dxe4 16. fxe4 c5 17. h5 Bxd4 18. hxg6 Nxg6 19. Nxd4 cxd4 20. Ne2 Nc5 21. Ng3 Nb3 22. Qf2 Nxa1 23. Nh5 f5 24. Bxf8 Qxf8 25. exf5 exf5 26. Bc4+ Kh8 27. Qxd4+ 1-0


[Site "https://www.chess.com"]

[Event "Titled Tuesday Blitz August 15 Late 2023"]
[White "RrainlessBobot"]
[Black "Schmakel, Sam"]
[BlackFideId "2039311"]
[WhiteElo "2520"]
[BlackElo "2744"]
[Result "1-0"]
[Round "3"]
[TimeControl "180+1"]
[Date "2023.08.15"]
[WhiteClock "0:00:13"]
[BlackClock "0:00:00"]
[Board "45"]

1. Nf3 Nf6 2. g3 c5 3. Bg2 Nc6 4. O-O e5 5. c4 g6 6. Nc3 Bg7 7. d3 O-O 8. Bg5 h6 9. Bxf6 Qxf6 10. Rb1 d6 11. a3 a5 12. Ne1 Qd8 13. Nc2 f5 14. b4 axb4 15. axb4 Kh7 16. Nd5 cxb4 17. Ncxb4 Be6 18. Nxc6 bxc6 19. Nb4 f4 20. Bxc6 Rc8 21. Bg2 h5 22. Nd5 Rf7 23. e3 Bg4 24. Bf3 Bh3 25. Bg2 Bg4 26. Bf3 Bh3 27. Be4 Qg5 28. Bg2 Bxg2 29. Kxg2 f3+ 30. Kh1 h4 31. Rg1 Rh8 32. g4 Ra8 33. Ra1 Rxa1 34. Qxa1 Qd8 35. h3 Rb7 36. Qd1 Qf8 37. Qc2 Qb8 38. Qd1 Qf8 39. g5 Rb2 40. Qf1 Qb8 41. Kh2 e4 42. d4 Rc2 43. Qb1 Rxf2+ 44. Kh1 Rb2 45. Qxe4 f2 46. Rf1 Qb3 47. Rxf2 Rxf2 48. Qxh4+ Kg8 49. Qxf2 Qxc4 50. Ne7+ 1-0


[Site "https://www.chess.com"]

[Event "Titled Tuesday Blitz August 15 Late 2023"]
[White "Kuznetsov, Felix"]
[Black "Poltorak, Sebastian"]
[WhiteFideId "34147990"]
[BlackFideId "1199498"]
[WhiteElo "2713"]
[BlackElo "2519"]
[Result "0-1"]
[Round "3"]
[TimeControl "180+1"]
[Date "2023.08.15"]
[WhiteClock "0:00:08"]
[BlackClock "0:00:13"]
[Board "46"]

1. e4 c5 2. Nf3 Nc6 3. d4 cxd4 4. Nxd4 Nf6 5. Nc3 e5 6. Ndb5 d6 7. Bg5 a6 8. Na3 b5 9. Nd5 Be7 10. Bxf6 Bxf6 11. c4 b4 12. Nc2 O-O 13. Qf3 Bg5 14. h4 Bh6 15. g4 f6 16. Qg3 a5 17. Rd1 Be6 18. c5 dxc5 19. g5 fxg5 20. hxg5 Qxg5 21. Qxg5 Bxg5 22. Nc7 Bxa2 23. Nxa8 Bb3 24. Nc7 Bxc2 25. Bc4+ Kh8 26. Ne6 Bxe4 27. Rg1 Be7 28. Nxf8 Bxf8 29. Bd5 Bxd5 30. Rxd5 Nd4 31. Rd8 Kg8 32. Rg4 Kf7 33. Ra8 h5 34. Re4 Bd6 35. Rxa5 Ke6 36. Kf1 g5 37. Ra8 Kd5 38. Re1 h4 39. Rg8 Nf3 40. Re3 e4 41. Re8 Be5 42. Rd8+ Bd6 43. b3 h3 44. Rd7 Nd2+ 45. Ke2 Nf3 46. Rh7 Nd4+ 47. Kf1 h2 48. Kg2 Bf4 49. Re1 Ke5 50. Re7+ Ne6 51. Rxe6+ Kxe6 52. Rxe4+ Kd5 53. Rc4 Be5 54. f3 Bf4 55. Re4 Kd6 56. Re1 Kd5 57. Rd1+ Kc6 58. Kh3 Kb5 59. Kg2 c4 60. Rd5+ Kc6 61. bxc4 b3 62. Rb5 Kd6 63. Rxb3 Kc5 64. Rc3 Kd4 65. Rc2 Kd3 66. Ra2 Kxc4 67. Ra4+ Kd3 68. Ra8 Ke3 69. Re8+ Kd4 70. Re4+ Kd5 71. Re2 Kd6 72. Kh3 Kd5 73. Re1 Kd6 74. Kg4 Kd5 75. Kf5 Kd6 76. Rd1+ Ke7 77. Ke4 Kf6 78. Rb1 Kg6 79. Kd3 Kh5 80. Ke2 Kh4 81. Kf2 Kh5 82. Kg2 Kg6 83. Rb6+ Kf5 84. Rb7 Ke5 85. Rh7 Kf5 86. Rh8 Kg6 87. Rg8+ Kf5 88. Rh8 Kg6 89. Kf2 Kf5 90. Ke2 Kg6 91. Kd3 g4 92. fxg4 Bh6 93. g5 Kxg5 94. Rg8+ Kh5 95. Re8 h1=Q 96. Re5+ Bg5 97. Re2 Qd5+ 98. Kc2 Qc4+ 99. Kd1 Qc1# 0-1


[Site "https://www.chess.com"]

[Event "Titled Tuesday Blitz August 15 Late 2023"]
[White "Martin Barcelo, Carles"]
[Black "Gubajdullin, Alexei"]
[WhiteFideId "24561444"]
[BlackFideId "4141202"]
[WhiteElo "2512"]
[BlackElo "2710"]
[Result "1-0"]
[Round "3"]
[TimeControl "180+1"]
[Date "2023.08.15"]
[WhiteClock "0:00:41"]
[BlackClock "0:01:27"]
[Board "47"]

1. e4 g6 2. d4 d6 3. h4 h6 4. h5 g5 5. Be3 Bg7 6. Bd3 c5 7. c3 cxd4 8. cxd4 Nc6 9. Ne2 Nf6 10. Nbc3 Ng4 11. Qd2 Nxe3 12. Qxe3 Bg4 13. f3 Bd7 14. O-O O-O 15. Rac1 Qb6 16. Nd5 Qxb2 17. Rb1 Qa3 18. Rxb7 Rad8 19. e5 dxe5 20. Bh7+ Kxh7 21. Qxa3 Bc8 22. Rc7 Nxd4 23. Nxd4 exd4 24. Qxe7 Rxd5 25. Qe4+ Rf5 26. Rxc8 1-0


[Site "https://www.chess.com"]

[Event "Titled Tuesday Blitz August 15 Late 2023"]
[White "Reprintsev, Alexander"]
[Black "Leiva, Gianmarco"]
[WhiteFideId "14100541"]
[BlackFideId "3804399"]
[WhiteElo "2508"]
[BlackElo "2707"]
[Result "0-1"]
[Round "3"]
[TimeControl "180+1"]
[Date "2023.08.15"]
[WhiteClock "0:00:10"]
[BlackClock "0:00:12"]
[Board "48"]

1. e4 c5 2. b3 d5 3. exd5 Qxd5 4. Nc3 Qe5+ 5. Be2 Nf6 6. Nf3 Qc7 7. Bb2 Nc6 8. d4 e6 9. d5 exd5 10. Nxd5 Nxd5 11. Qxd5 Be6 12. Qg5 f6 13. Qe3 Kf7 14. O-O-O Bd6 15. Kb1 Rad8 16. h4 Rhe8 17. Qc3 Kg8 18. Bc4 Kh8 19. Rhe1 Bg4 20. Rxe8+ Rxe8 21. Bb5 a6 22. Bxc6 Qxc6 23. a4 b5 24. axb5 axb5 25. Qd3 Bf8 26. Qd5 Qxd5 27. Rxd5 Re2 28. Rd8 Kg8 29. b4 Kf7 30. bxc5 Bxc5 31. Nd4 Rxf2 32. Nxb5 Bf5 33. Bd4 Rxc2 34. Ka1 Be7 35. Bb2 Bxd8 36. Nd6+ Ke6 0-1


[Site "https://www.chess.com"]

[Event "Titled Tuesday Blitz August 15 Late 2023"]
[White "Bjelobrk, Igor"]
[Black "Arencibia Monduy, Antonio"]
[WhiteFideId "4300726"]
[BlackFideId "3507939"]
[WhiteElo "2666"]
[BlackElo "2472"]
[Result "1-0"]
[Round "3"]
[TimeControl "180+1"]
[Date "2023.08.15"]
[WhiteClock "0:00:15"]
[BlackClock "0:00:00"]
[Board "49"]

1. d4 Nf6 2. c4 e6 3. g3 d5 4. Nf3 Be7 5. Bg2 O-O 6. O-O Ne4 7. Qc2 c6 8. b3 f5 9. Bb2 Nd7 10. e3 Ndf6 11. Ne5 Nd7 12. Nd3 Ndf6 13. f3 Nd6 14. Nd2 Nf7 15. e4 dxe4 16. fxe4 Ng4 17. Rae1 Bf6 18. Nf3 fxe4 19. Rxe4 Ngh6 20. Nf4 Ng5 21. Nxg5 Bxg5 22. Nxe6 Rxf1+ 23. Bxf1 Bxe6 24. Rxe6 Qd7 25. Qe4 Rf8 26. c5 Nf5 27. Bc4 Kh8 28. Re5 Bh6 29. d5 cxd5 30. Rxd5 Qc7 31. Rxf5 Rd8 32. Bd4 Qc8 33. Bd5 Re8 34. Re5 Rf8 35. Re6 Qd8 36. b4 Bg5 37. Kg2 h6 38. h4 Bf6 39. Bxf6 Rxf6 40. Re8+ Rf8 41. Rxd8 Rxd8 42. Bxb7 a5 43. b5 Re8 44. Qxe8+ 1-0


[Site "https://www.chess.com"]

[Event "Titled Tuesday Blitz August 15 Late 2023"]
[White "Romero Ruscalleda, Josep"]
[Black "Rastbod, Ali"]
[WhiteFideId "2231859"]
[BlackFideId "12567477"]
[WhiteElo "2450"]
[BlackElo "2665"]
[Result "0-1"]
[Round "3"]
[TimeControl "180+1"]
[Date "2023.08.15"]
[WhiteClock "0:00:11"]
[BlackClock "0:01:26"]
[Board "50"]

1. e4 c6 2. Nc3 d5 3. Nf3 a6 4. d4 Bg4 5. h3 Bxf3 6. Qxf3 e6 7. g3 Nf6 8. exd5 cxd5 9. Bg2 Nc6 10. Be3 Bb4 11. O-O Bxc3 12. bxc3 O-O 13. Rab1 Na5 14. Bg5 h6 15. Bxf6 Qxf6 16. Qxf6 gxf6 17. Rfe1 Rac8 18. Re3 Rc7 19. Bf1 Rfc8 20. Rf3 Kg7 21. Rb6 Rxc3 22. Bd3 R8c6 23. Rb4 Ra3 24. Rb2 b5 25. Kg2 Rcc3 26. h4 f5 27. Kh3 Nc4 28. Rb3 Nd2 29. Rxc3 Rxc3 30. Re3 h5 31. Be2 Rxe3 32. fxe3 Kg6 33. Kg2 Nb1 34. a4 bxa4 35. Bxa6 a3 36. c4 a2 37. cxd5 exd5 38. Bb7 Nc3 39. Bxd5 Nxd5 0-1


[Site "https://www.chess.com"]

[Event "Titled Tuesday Blitz August 15 Late 2023"]
[White "Veiga, Jose Francisco R P Neves"]
[Black "Szente Varga, Fruzsina"]
[WhiteFideId "1930087"]
[BlackFideId "712264"]
[WhiteElo "2660"]
[BlackElo "2320"]
[Result "1-0"]
[Round "3"]
[TimeControl "180+1"]
[Date "2023.08.15"]
[WhiteClock "0:01:33"]
[BlackClock "0:00:18"]
[Board "51"]

1. c4 e5 2. Nc3 f5 3. d4 e4 4. g3 Nf6 5. Bh3 d6 6. f3 Qe7 7. fxe4 Nxe4 8. Nf3 c6 9. O-O g6 10. Nxe4 Qxe4 11. Bf4 Nd7 12. Ng5 Qe7 13. e4 h6 14. exf5 hxg5 15. Re1 gxf4 16. Rxe7+ Bxe7 17. Qg4 gxf5 18. Qg6+ Kd8 19. Bxf5 fxg3 20. hxg3 Bf6 21. Rd1 Be7 22. Re1 Bf6 23. Re4 Rf8 24. g4 c5 25. Kg2 Bxd4 26. Qxd6 Rf6 27. Qe7+ Kc7 28. Rxd4 cxd4 29. Bxd7 Bxd7 30. Qxf6 Bc6+ 31. Kg3 Rd8 32. Qe5+ Kc8 33. Qe6+ Kc7 34. Qe7+ Rd7 35. Qe5+ Kc8 36. Qe2 d3 37. Qd2 Be4 38. Kf4 Bg6 39. Kg5 Be4 40. Kf6 Rd6+ 41. Ke5 Kd7 42. Kxe4 Rg6 43. Qxd3+ Kc7 44. Kf5 Rd6 45. Qxd6+ Kxd6 46. g5 1-0


[Site "https://www.chess.com"]

[Event "Titled Tuesday Blitz August 15 Late 2023"]
[White "Vasques, Antonio Pedro Freixial"]
[Black "Nefedov, Sergey"]
[WhiteFideId "1908332"]
[BlackFideId "24113417"]
[WhiteElo "2381"]
[BlackElo "2637"]
[Result "1-0"]
[Round "3"]
[TimeControl "180+1"]
[Date "2023.08.15"]
[WhiteClock "0:00:26"]
[BlackClock "0:00:52"]
[Board "52"]

1. e4 d5 2. exd5 Qxd5 3. Nc3 Qd8 4. d4 Nf6 5. Bc4 c6 6. Nf3 Nd5 7. Bd2 Bg4 8. h3 Bh5 9. g4 Bg6 10. Ne5 e6 11. Qe2 Be7 12. O-O-O Nd7 13. Nxd5 exd5 14. Bd3 Bxd3 15. Qxd3 Nxe5 16. dxe5 Qd7 17. f4 O-O-O 18. f5 Bc5 19. Bf4 Rde8 20. Rde1 d4 21. Re4 Qd5 22. Kb1 h5 23. g5 g6 24. fxg6 fxg6 25. Rhe1 Re6 26. Bc1 Rf8 27. Rf4 Rxf4 28. Bxf4 Bb6 29. Rf1 c5 30. Bg3 c4 31. Qa3 Bc5 32. Qa5 d3 33. Rf8+ Kd7 34. Rd8+ Kc6 35. Qa4+ b5 36. Qa6+ Kc7 37. Qc8+ Kb6 38. Rxd5 1-0


[Site "https://www.chess.com"]

[Event "Titled Tuesday Blitz August 15 Late 2023"]
[White "Bullen, Alex"]
[Black "Shimanov, Aleksandr"]
[WhiteFideId "1801627"]
[BlackFideId "4198603"]
[WhiteElo "2318"]
[BlackElo "3032"]
[Result "0-1"]
[Round "3"]
[TimeControl "180+1"]
[Date "2023.08.15"]
[WhiteClock "0:00:00"]
[BlackClock "0:01:11"]
[Board "53"]

1. d4 d5 2. Nf3 e6 3. c4 Nf6 4. g3 dxc4 5. Bg2 Nbd7 6. O-O c6 7. Nbd2 b5 8. a4 Bb7 9. Ne5 Qb6 10. e3 Be7 11. Qc2 Nxe5 12. dxe5 Nd7 13. Qc3 a5 14. axb5 cxb5 15. Bxb7 Qxb7 16. Rxa5 Rxa5 17. Qxa5 Nxe5 18. e4 O-O 19. Re1 Bc5 20. b3 Nd3 21. Rf1 Bb4 22. Qa1 c3 23. Nf3 Qxe4 24. Ng5 Qe2 25. Qb1 h6 26. Nh3 c2 27. Qa1 Bc5 28. Bb2 Rd8 29. Bxg7 Nxf2 30. Nxf2 Rd1 31. Qa8+ Kxg7 32. Qe4 Qxe4 0-1


[Site "https://www.chess.com"]

[Event "Titled Tuesday Blitz August 15 Late 2023"]
[White "Peycheva, Gergana"]
[Black "Drygalov, Sergey"]
[WhiteFideId "2916711"]
[BlackFideId "24171743"]
[WhiteElo "2503"]
[BlackElo "2956"]
[Result "0-1"]
[Round "3"]
[TimeControl "180+1"]
[Date "2023.08.15"]
[WhiteClock "0:00:01"]
[BlackClock "0:02:05"]
[Board "54"]

1. d4 Nf6 2. c4 e6 3. Nc3 Bb4 4. Qc2 O-O 5. e4 d5 6. e5 Ne4 7. Bd3 c5 8. Nf3 cxd4 9. Nxd4 Nd7 10. Bf4 Ndc5 11. O-O Bxc3 12. bxc3 Bd7 13. Be2 Na4 14. cxd5 exd5 15. f3 Nec5 16. Kh1 Rc8 17. Rac1 Ne6 18. Nxe6 fxe6 19. Qd2 b5 20. Bg5 Qe8 21. Bd3 a6 22. f4 Nc5 23. Bb1 h6 24. Bh4 Ne4 25. Bxe4 dxe4 26. Qd4 Bc6 27. Rfe1 Qg6 28. Bg3 Bd5 29. Qb6 Rc6 30. Qa7 h5 31. Re2 Qg4 32. Rce1 h4 33. Bf2 Rxf4 34. Be3 Rf5 35. h3 Qg3 36. Bf2 Qg5 37. Be3 Qg6 38. Bd4 e3 39. Bxe3 Rxc3 40. Qd4 Rc4 41. Qa7 Qg3 42. Qb8+ Kh7 43. Qd8 Qxh3+ 44. Kg1 Rg4 0-1


[Site "https://www.chess.com"]

[Event "Titled Tuesday Blitz August 15 Late 2023"]
[White "Aydin, Gulenay"]
[Black "Kramnik, Vladimir"]
[WhiteFideId "34557431"]
[BlackFideId "4101588"]
[WhiteElo "2502"]
[BlackElo "2943"]
[Result "0-1"]
[Round "3"]
[TimeControl "180+1"]
[Date "2023.08.15"]
[WhiteClock "0:00:00"]
[BlackClock "0:00:27"]
[Board "55"]

1. e4 c5 2. Nf3 e6 3. c3 d5 4. exd5 Qxd5 5. d4 Nf6 6. Bd3 Be7 7. O-O O-O 8. Be3 cxd4 9. cxd4 Nc6 10. Nc3 Qd6 11. a3 Bd7 12. Qe2 Rfd8 13. Rad1 Be8 14. Bb1 h6 15. Qd3 Rac8 16. Rfe1 Bf8 17. Ne4 Nxe4 18. Qxe4 f5 19. Qh4 Bf7 20. Bf4 Qe7 21. Qg3 Qf6 22. Nh4 Nxd4 23. Bd3 Bc5 24. b4 Bb6 25. Nf3 Nxf3+ 26. Qxf3 Bc7 27. Bxc7 Rxc7 28. Bf1 Rcd7 29. Rxd7 Rxd7 30. Rc1 Qd8 31. g3 Kh7 32. Qc3 b6 33. h4 Rd1 34. Rxd1 Qxd1 35. Qc7 Bh5 36. Qxa7 Be2 0-1


[Site "https://www.chess.com"]

[Event "Titled Tuesday Blitz August 15 Late 2023"]
[White "arenal72"]
[Black "Grigorjev, Iljya"]
[BlackFideId "24159565"]
[WhiteElo "2494"]
[BlackElo "2881"]
[Result "0-1"]
[Round "3"]
[TimeControl "180+1"]
[Date "2023.08.15"]
[WhiteClock "0:00:00"]
[BlackClock "0:00:08"]
[Board "57"]

1. e4 e5 2. Nf3 Nc6 3. Nc3 Nf6 4. h3 Bb4 5. a3 Bxc3 6. dxc3 Nxe4 7. Nxe5 Nxe5 8. Qd4 O-O 9. Qxe4 d5 10. Qd4 Re8 11. Be3 c6 12. O-O-O Bf5 13. f4 Nd7 14. g4 Be4 15. Rh2 Qc7 16. Rf2 c5 17. Qd2 Rad8 18. f5 Ne5 19. f6 d4 20. cxd4 cxd4 21. Bh6 d3 22. c3 Nc4 23. Qg5 Bg6 24. Bxd3 Rxd3 25. Rxd3 Re1+ 26. Rd1 Rxd1+ 27. Kxd1 Qd6+ 28. Rd2 Nxd2 29. Qxd2 Qxf6 30. Bg5 Qf1+ 31. Qe1 Qf3+ 32. Qe2 Qd5+ 33. Qd2 Qb3+ 34. Ke1 h6 35. Be3 a6 36. Kf2 Qe6 37. Bf4 Kh7 38. Qe3 Qd5 39. Qd2 Qh1 40. Kg3 Be4 41. Qh2 Qf3+ 42. Kh4 g5+ 43. Bxg5 hxg5+ 44. Kxg5 Kg7 45. Qe5+ f6+ 0-1


[Site "https://www.chess.com"]